 Dungeon Crawl Stone Soup version 0.31-a0-1469-gd420192249 (webtiles) character file.

Game seed: 13705244891819375467

14 Newt the Ducker (level 2, 0/24 HPs)
             Began as a Merfolk Gladiator on Dec 28, 2023.
             Slain by a kobold
             ... wielding a +0 short sword
              (2 damage)
             ... on level 1 of the Dungeon.
             The game lasted 00:00:54 (826 turns).

Newt the Ducker (Merfolk Gladiator)                  Turns: 826, Time: 00:00:55

Health: 0/24       AC:  4    Str: 14    XL:     2   Next: 45%
Magic:  2/2        EV: 13    Int:  7    God:
Gold:   63         SH:  0    Dex: 15    Spells: 1/1 levels left

rFire   . . .        a - +0 trident
rCold   . . .        (no shield)
rNeg    . . .        b - +0 leather armour
rPois   .            c - +0 helmet
rElec   .            (no cloak)
rCorr   .            (no gloves)
SInv    .            (no boots)
Will    .....        (no amulet)
Stlth   +            (no ring)
HPRegen 0.24/turn    (no ring)
MPRegen 0.08/turn

%: no passive effects
@: mighty
A: (nimble swimmer 2), mertail
a: no special abilities


You were on level 1 of the Dungeon.
You visited 1 branch of the dungeon, and saw 2 of its levels.

You collected 63 gold pieces.

Inventory:

Hand Weapons
 a - a +0 trident (weapon)
Missiles
 d - 2 throwing nets (quivered)
 e - a javelin
 l - 3 boomerangs
 m - 4 poisoned darts
Armour
 b - a +0 leather armour (worn)
 c - a +0 helmet (worn)
Jewellery
 f - a +6 ring of intelligence
Scrolls
 g - a scroll of vulnerability {unknown}
 h - a scroll of enchant weapon {unknown}
 j - a scroll of fog {unknown}
 k - a scroll of summoning {unknown}


   Skills:
 + Level 3.3 Fighting
 - Level 4.0 Polearms
 - Level 2.0 Throwing
 - Level 4.0 Dodging


You had one spell level left.
You didn't know any spells.
Your spell library contained the following spells:

 Spells                   Type           Power      Damage    Failure   Level
 Jinxbite                 Hex            0%         N/A       65%         2
 Lesser Beckoning         Tloc           0%         N/A       65%         2
 Gell's Gravitas          Tloc           0%         N/A       87%         3
 Teleport Other           Tloc           0%         N/A       87%         3
 Yara's Violent Unravell  Hex/Alch       0%         3d3       100%        5
 Enfeeble                 Hex            0%         N/A       100%        7


Dungeon Overview and Level Annotations

Branches:
Dungeon (2/15)

Altars:


Innate Abilities, Weirdness & Mutations

((You are very nimble when in or above water. (Stealth+, EV+, Speed+++)))
Your lower body shifts to a powerful aquatic tail in water.


Message History

You closely miss the kobold. The endoplasm hits you.
The kobold closely misses you.
You closely miss the kobold. The endoplasm freezes you.
You are frozen.
The kobold hits you with a +0 short sword.
You closely miss the kobold. The endoplasm freezes you.
You are frozen.
The kobold misses you.
You are too injured to fight recklessly!
You closely miss the kobold. The endoplasm closely misses you.
The kobold closely misses you.
The endoplasm jiggles.
The endoplasm hits you but does no damage.
You barely miss the kobold.
The kobold hits you with a +0 short sword.
The endoplasm freezes you.
You are frozen.
The kobold closely misses you.
You hit the kobold.
The kobold is heavily wounded.
The endoplasm freezes you.
You are frozen.
* * * LOW HITPOINT WARNING * * *
The kobold hits you with a +0 short sword.
* * * LOW HITPOINT WARNING * * *
Throw: 3 throwing nets
Press: ? - help, Shift-Dir - straight line, f - endoplasm
Aim: an endoplasm (85% to hit, immune to nets)
You throw a throwing net.
The throwing net completely misses the endoplasm.
The throwing net hits the endoplasm.
The endoplasm effortlessly oozes through the net!
The endoplasm hits you.
* * * LOW HITPOINT WARNING * * *
The kobold misses you.
It was a potion of might.
You feel very mighty all of a sudden. The endoplasm closely misses you.
The kobold hits you with a +0 short sword.
You die...

#.#.#[######
#.......#####.#
...........#
#.....#####...#
....#.####.#
#.#>#####...#.#
.####.# #.#####
#.#####.......#
#.###.# #.....#
#####........##
##.##.# #####.#
##.......##.# ##...#
#.# #....##..##.#
##.#######
#.####.##.######.#
#.####...##
#bK@JJ....# #.# .##
#.....##############
#.# .# #.........#
#.# ## #.....###.#
#.# ######...##
#.###############.#
.......#.#
#.................#
######...#
###################
#####


You could see 2 endoplasms, a bat and a kobold.

Vanquished Creatures
  3 hobgoblins (D:1)
  A quokka (D:1)
  3 ball pythons (D:1)
  A bat (D:1)
  A frilled lizard (D:1)
  2 kobolds (D:1)
  4 rats (D:1)
15 creatures vanquished.

Notes
Turn   | Place    | Note
-------+----------+-------------------------------------------
     0 | D:1      | Newt the Merfolk Gladiator began the quest for the Orb.
     0 | D:1      | Reached XP level 1. HP: 16/16 MP: 1/1
   219 | D:1      | Reached XP level 2. HP: 23/23 MP: 2/2
   825 | D:1      | HP: 1/24 [endoplasm (1)]
   826 | D:1      | Slain by a kobold

Illustrated notes

Levels and vault maps discovered:
D:1:      dpeg_arrival_long_road, layout_loops_ring,
          kennysheep_decorative_pillar, minmay_tetromino_t4
D:2:      cheibrodos_old_hovel, layout_rooms, serial_shops,
          nicolae_shop_bloodbath_and_beyond, basic_altar

Skill      XL: |  1  2 |
---------------+-------+-----
Fighting       | 3 |  3.3
Polearms       | |  4.0
Throwing       | |  2.0
Dodging        | |  4.0

Action                     || total
---------------------------++-------
  Melee: Trident           ||    47
         Punch             ||     1
  Throw: Throwing net      ||     1
    Use: Potion            ||     1
   Stab: Sleeping          ||     4
 Armour: Leather armour    ||    24
  Dodge: Dodged            ||    40

Table legend: (Time is in decaauts)
 A = Elapsed time spent in this place.
 B = Non-inter-level travel time spent in this place.
 C = Inter-level travel time spent in this place.
 D = Time resting spent in this place.
 E = Time spent auto-exploring this place.
 F = Levels seen in this place.
 G = Mean time per level.
                   A        B        C        D        E       F      G
               +--------+--------+--------+--------+--------+-----+--------+
         Total |    825 |    763 |     62 |     15 |    625 |   2 |  412.5 |
       Dungeon |    825 |    763 |     62 |     15 |    625 |   2 |  412.5 |
               +--------+--------+--------+--------+--------+-----+--------+

Top non-repeatable levels by time:
     D:1: 804 daAuts
     D:2: 21 daAuts
